 Dungeon Crawl Stone Soup version 0.28-a0-1344-g6b9ff3a05d (webtiles) character file.

Game seed: 8594801295384372005

21613 Garessta the Destroyer (level 12, -7/71 HPs)
             Began as a Deep Elf Conjurer on Dec 29, 2021.
             Was an Elder of Vehumet.
             Shot with an arrow by a centaur warrior (21 damage)
             ... on level 13 of the Dungeon.
             The game lasted 00:37:47 (13841 turns).

Garessta the Destroyer (Deep Elf Conjurer)         Turns: 13841, Time: 00:37:48

Health: -7/71      AC: 13    Str:  4    XL:     12   Next: 55%
Magic:  40/47      EV: 15    Int: 32    God:    Vehumet [****..]
Gold:   1159       SH:  0    Dex: 13    Spells: 19/33 levels left

rFire   . . .      SeeInvis +   b - staff of conjuration
rCold   + . .      Faith    .   (no shield)
rNeg    . . .      Spirit   .   H - +2 robe {rC+}
rPois   .          Reflect  .   I - +2 hat {Will+}
rElec   .          Harm     .   x - +2 cloak {rCorr}
rCorr   +          Rampage  .   (no gloves)
Will    +....                   (no boots)
Stlth   ++........              (no amulet)
HPRegen 0.21/turn               f - ring of magical power
MPRegen 0.30/turn               D - ring "Ryvos" {Will- MP+9 AC+4 Int+3 SInv}

@: about to teleport
A: no striking features
a: Renounce Religion


You were on level 13 of the Dungeon.
You worshipped Vehumet.
Vehumet was greatly pleased with you.
You visited 2 branches of the dungeon, and saw 16 of its levels.

You collected 1159 gold pieces.

Inventory:

Armour
 v - a scarf of repulsion
 x - a +2 cloak of preservation (worn)
 y - a +1 robe of positive energy
 H - a +2 robe of cold resistance (worn)
 I - a +2 hat of willpower (worn)
Magical Staves
 b - a staff of conjuration (weapon)
Jewellery
 f - a ring of magical power (left hand)
 r - a ring of positive energy
 D - the ring "Ryvos" (right hand) {Will- MP+9 AC+4 Int+3 SInv}
   (You found it on level 10 of the Dungeon)

   [ring of protection]

   AC:        It affects your AC (+4).
   Int:       It affects your intelligence (+3).
   MP:        It affects your magic capacity (+9).
   SInv:      It lets you see invisible.
   Will:      It decreases your willpower.
 G - a ring of ice
Wands
 j - a wand of paralysis (24)
 k - a wand of iceblast (9)
 l - a wand of mindburst (4)
 m - a wand of acid (18)
 u - a wand of flame (42)
 w - a wand of digging (5)
Scrolls
 c - a scroll of enchant armour
 i - 3 scrolls of fear
 p - a scroll of amnesia
 z - a scroll of immolation
 B - 4 scrolls of enchant weapon
 C - a scroll of identify
 F - 2 scrolls of teleportation
Potions
 d - 3 potions of degeneration
 e - 3 potions of haste
 g - a potion of cancellation
 h - a potion of flight
 n - 5 potions of curing
 o - a potion of heal wounds
 s - 2 potions of berserk rage
 t - 3 potions of brilliance
 A - a potion of attraction
 E - a potion of lignification


   Skills:
 * Level 6.9 Fighting
 + Level 7.3 Dodging
 - Level 2.4 Stealth
 + Level 11.3 Spellcasting
 * Level 13.6 Conjurations
 * Level 12.8 Earth Magic


You had 19 spell levels left.
You knew the following spells:

 Your Spells              Type           Power      Damage    Failure   Level
a - Magic Dart            Conj           100%       1d8       0%          1
b - Searing Ray           Conj           100%       2d8       0%          2
c - Iskenderun's Mystic   Conj/Tloc      75%        2d15      1%          4
d - Stone Arrow           Conj/Erth      100%       3d13      1%          3
e - Fulminant Prism       Conj/Hex       37%        3d18      1%          4

Your spell library contained the following spells:

 Spells                   Type           Power      Damage    Failure   Level
 Lightning Bolt           Conj/Air       37%        1d56      1%          5
 Sandblast                Erth           100%       2d20      0%          1
 Shock                    Conj/Air       100%       1d9       1%          1
 Passwall                 Tmut/Erth      46%        N/A       1%          2
 Conjure Flame            Conj/Fire      75%        6-21      1%          3
 Dazzling Flash           Conj/Hex       100%       N/A       1%          3
 Sticky Flame             Conj/Fire      75%        2d9       1%          4
 Ignite Poison            Fire/Tmut/Pois 18%        N/A       2%          3
 Ensorcelled Hibernation  Hex/Ice        36%        N/A       4%          2
 Sublimation of Blood     Necr           18%        N/A       4%          2
 Wereblood                Tmut           18%        N/A       4%          2
 Airstrike                Air            9%         N/A       7%          4
 Starburst                Conj/Fire      37%        6d11      7%          6
 Spider Form              Tmut/Pois      18%        N/A       8%          3
 Swiftness                Air            18%        N/A       8%          3
 Ozocubu's Refrigeration  Ice            9%         4d6       99%         7
 Summon Hydra             Summ           9%         N/A       100%        7


Dungeon Overview and Level Annotations

Branches:
Dungeon (15/15)            Temple (1/1) D:4            Lair (0/6) D:11
    Orc (0/2) D:11
 Vaults: D:13-14     Depths: D:15

Altars:
Ashenzari
Cheibriados
Dithmenos
Elyvilon
Fedhas
Gozag
Hepliaklqana
Kikubaaqudgha
Makhleb
Nemelex Xobeh
Okawaru
Qazlal
Ru
Sif Muna
Trog
Uskayaw
Vehumet
Wu Jian
Xom
Yredelemnul
Zin
The Shining One

Shops:
D:11 (   D:14 *   D:15 (


Message History

The centaur shoots an arrow.
The arrow hits you but does no damage.
Casting: Fulminant Prism (safe; 1% risk of failure)
Confirm with . or Enter, or press ? or * to list all spells.
Aiming: Fulminant Prism (safe; 1% risk of failure)
Press: ? - help, Dir - move target You feel a surge of power!
You conjure a prism of explosive energy!
A fulminant prism comes into view.
The centaur shoots an arrow.
The arrow hits your fulminant prism.
The centaur shoots an arrow.
The arrow hits your fulminant prism!
The centaur shoots an arrow.
The arrow hits your fulminant prism!
Your fulminant prism detonates feebly.
The centaur warrior shoots an arrow.
The arrow barely misses you.
The centaur shoots an arrow.
The arrow completely misses you.
The centaur shoots an arrow.
The arrow hits you but does no damage.
The centaur shoots an arrow.
The arrow hits you.
* * * LOW HITPOINT WARNING * * *
Casting: Fulminant Prism (safe; 1% risk of failure)
Confirm with . or Enter, or press ? or * to list all spells.
Aiming: Fulminant Prism (safe; 1% risk of failure)
Press: ? - help, Dir - move target You feel a surge of power!
You conjure a prism of explosive energy!
A fulminant prism comes into view.
You hear the loud beating of a very distant drum.
The centaur shoots an arrow.
The arrow hits your fulminant prism!
As you read the scroll of teleportation, it crumbles to dust.
You feel strangely unstable.
The centaur shoots an arrow.
The arrow hits your fulminant prism!
Your fulminant prism crackles loudly.
You hear an explosion!
Vehumet accepts your kill.
You feel your power returning.
You feel a bit more experienced. Vehumet accepts your kill.
You feel your power returning.
You feel a bit more experienced.
You hear a roar!
A centaur comes into view. It is wielding a +0 shortbow.
The centaur shoots an arrow.
The arrow barely misses you.
The centaur warrior shoots an arrow.
The arrow hits you!!
You die...

############################
............................
..#..#.....@..#..#..........
.....#.....#................
#.......#...............#
#........c.#.)#..#.######
#....#.###.c.)c..#.# ...
#)#..#.# #...###.#.# ...####
#....#.# #...# #.#.#
#.....###....#.# ##### #.#.#
.....#.#....#.# #.#.#


You could see a centaur warrior and 2 centaurs.

Vanquished Creatures
  Gastronok (D:11)
  Josephine (D:11)
  Fannar (D:10)
  A hydra (D:12)
  2 two-headed ogres
  Sonja (D:11)
  A skeletal warrior (D:12)
  An orc knight (D:11)
  2 deep elf pyromancers (D:12)
  4 ugly things (D:12)
  A cyclops (D:12)
  Maurice (D:8)
  A salamander (shapeshifter) (D:9)
  Joseph (D:9)
  Psyche (D:8)
  2 trolls (D:11)
  4 slime creatures (D:12)
  Prince Ribbit (D:5)
  Sigmund (D:2)
  7 wraiths
  A shadow (D:10)
  3 wyverns
  17 yaks
  Grum (D:8)
  A steam dragon (D:7)
  A vampire mosquito (D:10)
  Menkaure (D:5)
  7 acid dragons
  3 water moccasins
  4 orc warriors
  6 ogres
  2 necrophages
  4 wolves (D:8)
  5 centaurs
  3 kobold brigands
  3 bullfrogs
  3 scorpions
  3 killer bees (D:8)
  4 wights (D:8)
  2 howler monkeys
  2 electric eels (D:9)
  A bullfrog zombie (D:6)
  6 centaur zombies
  3 hounds
  4 jellies
  An orc priest (D:4)
  A bullfrog skeleton (D:6)
  Ijyb (D:3)
  Terence (D:3)
  An iguana (D:5)
  An orc wizard (D:5)
  A scorpion zombie (D:5)
  2 hound skeletons
  Robin (D:3)
  4 river rats (D:6)
  8 adders
  4 gnolls (D:5)
  A shadow imp (D:7)
  An ufetubus (D:5)
  4 worms
  2 dart slugs
  23 orcs
  6 ball pythons
  6 endoplasms
  3 giant cockroaches
  7 goblins
  13 hobgoblins
  2 jackals (D:4)
  3 bats
  2 frilled lizards (D:1)
  31 kobolds
  2 rats (D:3)
257 creatures vanquished.

Vanquished Creatures (others)
  61 fulminant prisms
  A fungus (D:4)
  36 plants (D:4)
98 creatures vanquished.

Grand Total: 355 creatures vanquished

Notes
Turn   | Place    | Note
-------+----------+-------------------------------------------
     0 | D:1      | Garessta the Deep Elf Conjurer began the quest for the Orb.
     0 | D:1      | Reached XP level 1. HP: 10/10 MP: 6/6
   981 | D:2      | Reached XP level 2. HP: 15/15 MP: 5/8
   985 | D:2      | Learned a level 2 spell: Searing Ray
  1062 | D:2      | Noticed an ogre
  1138 | D:2      | Noticed Sigmund
  1323 | D:2      | Killed an ogre
  1324 | D:2      | Reached skill level 5 in Conjurations
  1324 | D:2      | Reached XP level 3. HP: 19/19 MP: 1/10
  1324 | D:2      | Reached XP level 4. HP: 24/24 MP: 1/12
  1503 | D:2      | Learned a level 4 spell: Iskenderun's Mystic Blast
  1507 | D:2      | Learned a level 3 spell: Stone Arrow
  1554 | D:2      | Killed Sigmund
  1555 | D:2      | Reached skill level 6 in Conjurations
  1555 | D:2      | Reached XP level 5. HP: 21/28 MP: 4/14
  1555 | D:2      | Reached XP level 6. HP: 25/32 MP: 4/15
  1568 | D:2      | Learned a level 4 spell: Fulminant Prism
  1938 | D:2      | Found a faded altar of an unknown god.
  2025 | D:2      | Identified the +4 ring mail of Apathy {Str+2}
  2286 | D:3      | Noticed Ijyb
  2306 | D:3      | Killed Ijyb
  2307 | D:3      | Reached skill level 5 in Spellcasting
  2684 | D:3      | Found a stormy altar of Qazlal.
  2751 | D:3      | Noticed Robin
  2755 | D:3      | Killed Robin
  2952 | D:3      | Noticed Terence
  2955 | D:3      | Killed Terence
  3381 | D:4      | Found a broken altar of Ashenzari.
  3385 | D:4      | Saw a vision of the Swamp and the Spider Nest.
  3385 | D:4      | Noticed a redback
  3385 | D:4      | Noticed a redback
  3385 | D:4      | Noticed a swamp drake
  3385 | D:4      | Noticed a wolf spider
  3385 | D:4      | Noticed a redback
  3385 | D:4      | Noticed a will-o-the-wisp
  3386 | D:4      | Noticed a will-o-the-wisp
  3387 | D:4      | Noticed a swamp drake
  3517 | D:4      | Found a staircase to the Ecumenical Temple.
  3568 | Temple   | Entered the Ecumenical Temple
  3724 | Temple   | Became a worshipper of Vehumet
  3747 | D:4      | Reached XP level 7. HP: 36/36 MP: 11/16
  3767 | D:4      | Reached skill level 7 in Conjurations
  3971 | D:4      | Reached skill level 5 in Earth Magic
  4169 | D:4      | Found a snail-covered altar of Cheibriados.
  4418 | D:4      | Reached * piety under Vehumet
  4418 | D:4      | Offered knowledge of Foxfire by Vehumet.
  4931 | D:5      | Entered Level 5 of the Dungeon
  5090 | D:5      | Noticed Prince Ribbit
  5094 | D:5      | Killed Prince Ribbit
  5164 | D:5      | Reached skill level 8 in Conjurations
  5164 | D:5      | Reached XP level 8. HP: 41/41 MP: 12/19
  5570 | D:5      | Noticed Menkaure
  5676 | D:5      | Killed Menkaure
  5928 | D:5      | Offered knowledge of Scorch by Vehumet.
  6116 | D:5      | Found a blossoming altar of Fedhas.
  6122 | D:5      | Reached skill level 9 in Conjurations
  6147 | D:5      | Found a shimmering altar of Xom.
  6147 | D:5      | Found an ornate altar of the Wu Jian Council.
  6149 | D:5      | Found an opulent altar of Gozag.
  6149 | D:5      | Found a burning altar of Makhleb.
  6149 | D:5      | Found a sparkling altar of Nemelex Xobeh.
  6306 | D:6      | Reached ** piety under Vehumet
  6609 | D:6      | Found a blossoming altar of Fedhas.
  6646 | D:6      | Reached XP level 9. HP: 45/45 MP: 8/22
  7154 | D:6      | Found a hazy altar of Hepliaklqana.
  7360 | D:7      | Found an iron altar of Okawaru.
  7511 | D:7      | Found a bloodstained altar of Trog.
  7553 | D:7      | Reached skill level 10 in Conjurations
  8107 | D:8      | Noticed Grum
  8115 | D:8      | Offered knowledge of Frozen Ramparts by Vehumet.
  8360 | D:8      | Noticed Maurice
  8372 | D:8      | Reached skill level 1 in Fighting
  8447 | D:8      | Killed Maurice
  8548 | D:8      | Reached XP level 10. HP: 53/53 MP: 20/24
  8568 | D:8      | Killed Grum
  8662 | D:8      | Reached skill level 11 in Conjurations
  8676 | D:8      | Reached *** piety under Vehumet
  8753 | D:8      | Found a shadowy altar of Dithmenos.
  8907 | D:8      | Noticed Psyche
  8910 | D:8      | Killed Psyche
  9077 | D:7      | Found a basalt altar of Yredelemnul.
  9273 | D:9      | Noticed a salamander
  9303 | D:9      | Noticed Joseph
  9308 | D:9      | Killed Joseph
  9309 | D:9      | Reached skill level 10 in Earth Magic
  9780 | D:9      | Offered knowledge of Olgreb's Toxic Radiance by Vehumet.
  9868 | D:9      | Found a burning altar of Makhleb.
  9871 | D:9      | Found an opulent altar of Gozag.
 10197 | D:9      | Killed a salamander
 10564 | D:10     | Entered Level 10 of the Dungeon
 10582 | D:10     | Identified the ring "Ryvos" {Will- MP+9 AC+4 Int+3 SInv}
 10732 | D:10     | Got the Handbook of the Virous Snowflakes
 10803 | D:10     | Reached XP level 11. HP: 61/61 MP: 26/26
 10871 | D:10     | Reached skill level 5 in Dodging
 10886 | D:10     | Reached skill level 12 in Conjurations
 11096 | D:10     | Reached skill level 10 in Spellcasting
 11224 | D:10     | Found a hide-covered altar of Uskayaw.
 11571 | D:10     | Noticed Fannar
 11582 | D:10     | Killed Fannar
 11796 | D:11     | Identified the +2 hunting sling "Utweng" {vorpal, Int+4}
 11884 | D:11     | Noticed an orc knight
 11890 | D:11     | Killed an orc knight
 11897 | D:11     | Reached **** piety under Vehumet
 11898 | D:11     | Reached skill level 5 in Fighting
 11902 | D:11     | Offered knowledge of Lightning Bolt by Vehumet.
 11997 | D:11     | Found Muokk's Weapon Shop.
 12003 | D:11     | Found a staircase to the Orcish Mines.
 12119 | D:11     | Found a staircase to the Lair.
 12223 | D:11     | Noticed Josephine
 12232 | D:11     | Killed Josephine
 12537 | D:11     | Noticed Sonja
 12543 | D:11     | Killed Sonja
 12614 | D:11     | Noticed Gastronok
 12633 | D:11     | Killed Gastronok
 13027 | D:12     | Reached skill level 13 in Conjurations
 13027 | D:12     | Reached XP level 12. HP: 69/69 MP: 28/28
 13215 | D:12     | Noticed a two-headed ogre
 13227 | D:12     | Killed a two-headed ogre
 13440 | D:12     | Noticed a five-headed hydra
 13453 | D:12     | Killed a five-headed hydra
 13628 | D:12     | You fall into a shaft and drop 3 floors!
 13628 | D:15     | Entered Level 15 of the Dungeon
 13628 | D:15     | Noticed an ogre mage
 13628 | D:15     | Noticed a two-headed ogre
 13628 | D:15     | Noticed a two-headed ogre
 13628 | D:15     | Noticed a two-headed ogre
 13628 | D:15     | Noticed a two-headed ogre
 13628 | D:15     | Noticed a two-headed ogre
 13628 | D:15     | Noticed a two-headed ogre
 13634 | D:15     | Killed a two-headed ogre
 13686 | D:15     | Found Wechodio's Weapon Boutique.
 13700 | D:14     | Found an opulent altar of Gozag.
 13702 | D:14     | Found Gozag's Platinum Reserve.
 13738 | D:13     | Identified a scroll of acquirement
 13740 | D:13     | Acquired 475 gold pieces
 13820 | D:13     | Noticed a seven-headed hydra
 13821 | D:13     | Noticed a centaur warrior
 13841 | D:13     | Shot with an arrow by a centaur warrior

Illustrated notes

Levels and vault maps discovered:
D:1:      saegor_arrival_simple_d, layout_basic
D:2:      layout_basic, shapermc_ecumenical_altar_notcrosses,
          minmay_misc_feat_square, uniq_sigmund
D:3:      layout_loops_ring, general_overflow_altar, uniq_ijyb, uniq_robin,
          uniq_terence
D:4:      kennysheep_kobold_camp, layout_rooms, old_standard_altar,
          grunt_ashenzari_visionary [grunt_ashenzari_visionary_swamp,
          grunt_ashenzari_visionary_spider], minmay_temple_entry_statues
D:5:      kennysheep_big_flooded_room, layout_rooms, doesnt_xom_only_xom,
          uniq_menkaure, uniq_prince_ribbit1
D:6:      layout_cave_pools, lemuel_doored_altar, kennysheep_mini,
          portal_sewer_entry_b, minmay_diced_spiral
D:7:      layout_rooms, mainiacjoe_overflow_tiny_flanked,
          nicolae_overflow_hidden_temple, okawaru_trees_2
D:8:      layout_cave_pools, mainiacjoe_overflow_alcove_1,
          kennysheep_generic_room_15, uniq_psyche, uniq_grum, uniq_maurice
D:9:      layout_loops_cross, nicolae_overflow_squiral, uniq_joseph
D:10:     layout_basic, mainiacjoe_overflow_boulevard, kennysheep_flooded_box,
          kennysheep_generic_room_6, uniq_fannar
D:11:     layout_irregular_city, lair_entry_dummy, orc_david_3, uniq_gastronok,
          uniq_sonja, uniq_josephine
D:12:     layout_small_grid
D:13:     layout_stronghold, gauntlet_entry_generic
D:14:     layout_basic, david_vaults_5, nicolae_gozag_zags_fifth_avenue,
          serial_glass, glass_columns_a, glass_columns_b,
          lemuel_zombie_altar_yredelemnul
D:15:     gammafunk_enter_depths_forms, layout_small_grid, serial_shops,
          nicolae_shop_hallway_stairs, nicolae_vehumet_altar_sigil
Temple:   nicolae_temple_figure_zero

Skill      XL: |  1  2  3  4  5  6  7  8  9 10 11 12 |
---------------+-------------------------------------+-----
Spellcasting   | 4 5 6 7 8 9 10 11 | 11.3
Conjurations   | 5 6 8 9 10 11 13 | 13.6
Earth Magic    | 2 3 4 6 7 9 10 12 | 12.8
Fighting       | 1 4 5 6 |  6.9
Dodging        | 3 4 6 7 |  7.3
Stealth        | |  2.4

Action                   |  1- 3 |  4- 6 |  7- 9 | 10-12 || total
-------------------------+-------+-------+-------+-------++-------
Melee: Quarterstaff      |       |       |     3 |       ||     3
 Cast: Magic Dart        |    18 |    73 |   148 |    52 ||   291
       Searing Ray       |     2 |     1 |     1 |     1 ||     5
       Stone Arrow       |       |    13 |    61 |   107 ||   181
       Iskenderun's Myst |       |       |    13 |    32 ||    45
       Fulminant Prism   |       |       |    12 |    49 ||    61
  Use: Scroll            |       |       |    13 |    14 ||    27
       Potion            |       |       |       |     1 ||     1
Armor: Robe              |       |     2 |     3 |    10 ||    15
Dodge: Dodged            |     1 |     5 |    15 |    19 ||    40

Table legend: (Time is in decaauts)
 A = Elapsed time spent in this place.
 B = Non-inter-level travel time spent in this place.
 C = Inter-level travel time spent in this place.
 D = Time resting spent in this place.
 E = Time spent auto-exploring this place.
 F = Levels seen in this place.
 G = Mean time per level.
                   A        B        C        D        E       F      G
               +--------+--------+--------+--------+--------+-----+--------+
         Total |  13862 |  13037 |    825 |    905 |  10438 |  16 |  866.4 |
       Dungeon |  13693 |  12895 |    798 |    905 |  10302 |  15 |  912.9 |
        Temple |    169 |    142 |     27 |      0 |    136 |   1 |  169.0 |
               +--------+--------+--------+--------+--------+-----+--------+

Top non-repeatable levels by time:
     D:4: 1505 daAuts
    D:10: 1342 daAuts
     D:9: 1274 daAuts
     D:6: 1273 daAuts
     D:1: 1192 daAuts
     D:3: 1144 daAuts
     D:8: 1118 daAuts
    D:11: 1114 daAuts
     D:2: 1012 daAuts
     D:5: 1008 daAuts
     D:7: 881 daAuts
    D:12: 612 daAuts
  Temple: 169 daAuts
    D:13: 103 daAuts
    D:15: 68 daAuts
